[Event "Team 45 45 League T80"]
[Site "Internet Chess Club"]
[Date "2019.04.10"]
[Round "3"]
[White "tightfist"]
[Black "justice02"]
[Result "0-1"]
[WhiteElo "1496"]
[BlackElo "1627"]
[Opening "Santasiere's folly"]
[ECO "A06"]
[Time "20:30:53"]
[TimeControl "2700+45"]

1. Nf3 d5 2. b4 Nd7 3. Bb2 Ngf6 4. d4 e6 5. a3 Bd6 6. e3 h5 7. c4 c6 8. Nbd2 a6
9. Bd3 Qe7 10. O-O e5 11. dxe5 Nxe5 12. Nxe5 Bxe5 13. Bxe5 Qxe5 14. Nf3 Qd6 15.
c5 Qc7 16. Qc2 Bd7 17. Rfe1 O-O 18. Nd4 Rfe8 19. Re2 Qe5 20. Rae1 Qg5 21. Bf5
Rad8 22. Bxd7 Rxd7 23. Nf5 g6 24. Nd6 Re6 25. f3 h4 26. e4 Rde7 27. Nc8 Rc7 28.
Nd6 Rd7 29. exd5 Rxe2 30. Rxe2 Qxd5 31. Rd2 Qe5 32. Kf2 Qxh2 33. Qd1 h3 34. Qg1
Qf4 35. Re2 h2 36. Qh1 Ng4+ 37. Kf1 Ne3+ 38. Kf2 Re7 39. g4 Nxg4+ 40. Kf1 Rxe2
41. Kxe2 Qe3+ 42. Kd1 Nf2+ {White resigns} 0-1

[Event "Team 45 45 League T80"]
[Site "Internet Chess Club"]
[Date "2019.04.10"]
[Round "3"]
[White "mongmong"]
[Black "Kingofknights"]
[Result "1-0"]
[WhiteElo "1525"]
[BlackElo "1432"]
[Opening "QGD Slav: 4.e3"]
[ECO "D11"]
[Time "18:02:11"]
[TimeControl "2700+45"]

1. d4 d5 2. Nf3 Nf6 3. c4 c6 4. e3 e6 5. Bd3 dxc4 6. Bxc4 b5 7. Bd3 Bb7 8. O-O
a6 9. a4 Be7 10. Qe2 O-O 11. b3 Nbd7 12. Bb2 Qb6 13. Nc3 b4 14. Ne4 Nxe4 15.
Bxe4 Nf6 16. Bd3 c5 17. Rfc1 cxd4 18. Bxd4 Qd6 19. Rc2 Rfc8 20. Rac1 a5 21. h3
h6 22. Rxc8+ Rxc8 23. Rxc8+ Bxc8 24. Bc4 Bb7 25. Ne1 Bd5 26. Bxd5 Qxd5 27. Bxf6
Bxf6 28. Qc2 Bc3 29. Nd3 e5 30. Kf1 f5 31. Nc1 e4 32. Ne2 Qd3 33. Qxd3 exd3 34.
Nf4 d2 35. Ke2 Kf7 36. Nd5 Ke6 37. Nb6 d1=Q+ 38. Kxd1 Be5 39. Ke2 Bc7 40. Nc4 g5
41. Kd3 h5 42. f3 Kd5 43. e4+ fxe4+ 44. fxe4+ Ke6 45. Ne3 Ke5 46. g3 Bb6 47.
Nc4+ {Black resigns} 1-0

[Event "Team 45 45 League T80"]
[Site "Internet Chess Club"]
[Date "2019.04.13"]
[Round "3"]
[White "kingphisch"]
[Black "smsxman"]
[Result "0-1"]
[WhiteElo "1440"]
[BlackElo "1399"]
[Opening "French: King's Indian attack"]
[ECO "C00"]
[Time "15:03:59"]
[TimeControl "2700+45"]

1. e4 e6 2. d3 c5 3. Nd2 Nc6 4. Ngf3 Be7 5. g3 Nf6 6. Bg2 e5 7. O-O O-O 8. Re1
d6 9. Nf1 Bg4 10. c3 d5 11. Qc2 d4 12. h3 Bxf3 13. Bxf3 b5 14. a3 Rc8 15. b3
dxc3 16. Qxc3 b4 17. Qd2 Nd4 18. Qd1 a5 19. Ne3 Nxf3+ 20. Qxf3 Qxd3 21. Qd1 Qxe4
22. Nd5 Qxd5 23. Qxd5 Nxd5 24. Rxe5 Bf6 {White resigns} 0-1

[Event "Team 45 45 League T80"]
[Site "Internet Chess Club"]
[Date "2019.04.11"]
[Round "3"]
[White "Duguesclin"]
[Black "fireball"]
[Result "1-0"]
[WhiteElo "1523"]
[BlackElo "1620"]
[Opening "Modern defense"]
[ECO "A40"]
[Time "14:02:22"]
[TimeControl "2700+45"]

1. d4 g6 2. c3 Bg7 3. e4 d5 4. e5 f5 5. f4 e6 6. Nf3 Nh6 7. c4 c6 8. Bd2 Nd7 9.
cxd5 cxd5 10. Bb5 a6 11. Ba4 b5 12. Bc2 a5 13. Nc3 Ba6 14. Ne2 Qb6 15. O-O b4
16. Ba4 Qb7 17. h3 O-O 18. Ng5 Rfe8 19. Rc1 Rac8 20. Rxc8 Qxc8 21. Rf2 Nf7 22.
Nxf7 Kxf7 23. a3 Rd8 24. axb4 Qb7 25. Qe1 Bf8 26. bxa5 Qxb2 27. Bc3 Qa3 28. Bc6
Nb8 29. Ba8 Rc8 30. Rf3 Bxe2 31. Qxe2 Rxc3 32. Bxd5 exd5 33. e6+ Ke7 34. Rxc3
Qxc3 35. Qe5 Nc6 36. Qc7+ Ke8 37. Qd7# {Black checkmated} 1-0

[Event "Team 45 45 League T80"]
[Site "Internet Chess Club"]
[Date "2019.04.14"]
[Round "3"]
[White "Skeptic1972"]
[Black "President"]
[Result "1-0"]
[WhiteElo "1537"]
[BlackElo "1700"]
[Opening "Owen defense"]
[ECO "B00"]
[Time "14:00:50"]
[TimeControl "2700+45"]

1. e4 b6 2. d4 Bb7 3. Nc3 e6 4. Bd3 Bb4 5. Ne2 Nf6 6. O-O d5 7. e5 Ne4 8. a3
Nxc3 9. Nxc3 Bxc3 10. bxc3 Ba6 11. Qg4 O-O 12. Bh6 g6 13. Bxf8 Qxf8 14. Bxa6
Nxa6 15. h4 c5 16. h5 Qh6 17. hxg6 hxg6 18. Rae1 Qd2 19. Re3 Kg7 20. Qg5 Rh8 21.
Qf6+ Kg8 22. Rf3 Rh7 23. Qd8+ Kg7 24. Qe7 Kg8 25. Qe8+ Kg7 26. Qxf7+ Kh8 27.
Qf8# {Black checkmated} 1-0

[Event "Team 45 45 League T80"]
[Site "Internet Chess Club"]
[Date "2019.04.15"]
[Round "3"]
[White "MathBandit"]
[Black "JPSVI"]
[Result "1-0"]
[WhiteElo "1594"]
[BlackElo "1451"]
[Opening "French: exchange variation"]
[ECO "C01"]
[Time "20:03:42"]
[TimeControl "2700+45"]

1. e4 e6 2. d4 d5 3. exd5 exd5 4. c4 Bb4+ 5. Nc3 Nf6 6. a3 Bxc3+ 7. bxc3 O-O 8.
cxd5 Nxd5 9. c4 Re8+ 10. Ne2 Nc3 11. Qc2 Nxe2 12. Bxe2 Qxd4 13. O-O Qxa1 14. Bb2
Qa2 15. Bd3 f5 16. Qc3 Re7 17. Bb1 Qxb2 18. Qxb2 Na6 19. Rd1 Nc5 20. Rd8+ Kf7
21. h3 Ne6 22. Rd1 Nc5 23. Qb5 b6 24. Rd5 c6 25. Qxc6 Bb7 26. Rxf5+ Kg8 27. Qd6
Re1+ 28. Kh2 Rxb1 29. Qc7 Rf8 30. Rxf8+ Kxf8 31. Qd6+ Kf7 32. Qf4+ Kg6 33. g4
Rh1+ 34. Kg3 Ne4+ 35. Kh4 Nf6 36. Qf5+ Kf7 37. g5 Be4 38. Qf4 h6 39. Qc7+ Kg6
40. gxf6 Kxf6 41. Qd6+ Kf5 42. Qd7+ Kf6 43. Qd4+ Kf5 44. Qxg7 {Black resigns}
1-0

[Event "Team 45 45 League T80"]
[Site "Internet Chess Club"]
[Date "2019.04.13"]
[Round "3"]
[White "nidusin2"]
[Black "BrerRabbit"]
[Result "1-0"]
[WhiteElo "1471"]
[BlackElo "1366"]
[Opening "Queen's Pawn"]
[ECO "A41"]
[Time "10:35:30"]
[TimeControl "2700+45"]

1. d4 d6 2. Bf4 g6 3. e4 Bg7 4. Nf3 Nd7 5. c3 e5 6. Be3 Ngf6 7. Nbd2 O-O 8. Be2
b6 9. O-O Bb7 10. d5 Nc5 11. Qc2 Kh8 12. b4 Ncd7 13. a4 a5 14. Nb3 Ng8 15. Rfd1
Bh6 16. Qd2 Bxe3 17. Qxe3 Kg7 18. h4 Ngf6 19. Ng5 h6 20. Nh3 Nh7 21. Qg3 Ndf6
22. Nd2 Bc8 23. Rf1 Bd7 24. b5 Qc8 25. f4 Bg4 26. Rae1 Bxe2 27. Rxe2 Qg4 28.
Qxg4 Nxg4 29. f5 Nhf6 30. Nf3 Nh7 31. Nh2 Nhf6 32. Nxg4 Nxg4 33. Rf3 f6 34. Rg3
h5 35. fxg6 Kxg6 36. Nf2 Rh8 37. Nxg4 hxg4 38. Rxg4+ Kf7 39. Kh2 Rag8 40. Kh3
Rg6 41. Rxg6 Kxg6 42. g4 Kg7 43. Rf2 Rh6 44. Rf5 Rg6 45. g5 Kf7 46. Rxf6+ Rxf6
47. gxf6 Kxf6 48. Kg4 Kg6 49. h5+ Kh6 50. Kh4 Kg7 51. Kg5 Kh7 52. h6 Kh8 53. Kg6
Kg8 54. h7+ Kh8 55. Kh6 {Black resigns} 1-0

[Event "Team 45 45 League T80"]
[Site "Internet Chess Club"]
[Date "2019.04.13"]
[Round "3"]
[White "DaveTheRook"]
[Black "Egmont"]
[Result "1/2-1/2"]
[WhiteElo "1550"]
[BlackElo "1566"]
[Opening "QGD Slav defense: exchange variation"]
[ECO "D13"]
[Time "13:03:07"]
[TimeControl "2700+45"]

1. d4 d5 2. c4 c6 3. cxd5 cxd5 4. Nf3 Nc6 5. Nc3 Nf6 6. Bf4 a6 7. e3 Bf5 8. Be2
e6 9. a3 Bd6 10. Bxd6 Qxd6 11. O-O h6 12. Rc1 O-O 13. Re1 Bg4 14. h3 Bxf3 15.
Bxf3 Rac8 16. Be2 b5 17. b4 {Game drawn by mutual agreement} 1/2-1/2

[Event "Team 45 45 League T80"]
[Site "Internet Chess Club"]
[Date "2019.04.13"]
[Round "3"]
[White "Hal2001"]
[Black "pokerram"]
[Result "0-1"]
[WhiteElo "1518"]
[BlackElo "1558"]
[Opening "Sicilian: closed"]
[ECO "B23"]
[Time "21:00:54"]
[TimeControl "2700+45"]

1. e4 c5 2. Nc3 a6 3. f4 b5 4. Nf3 Bb7 5. d3 e6 6. g3 d5 7. exd5 exd5 8. Bg2 Be7
9. O-O Nf6 10. Re1 O-O 11. Qe2 Re8 12. Nd1 d4 13. Qf1 Nc6 14. Bd2 Qc7 15. Nf2
Bd6 16. Ne4 Nxe4 17. dxe4 f6 18. Nh4 Ne7 19. Re2 c4 20. Qe1 d3 21. cxd3 cxd3 22.
Rc1 Bc5+ 23. Be3 dxe2 24. Rxc5 Qd7 25. Qxe2 Rac8 26. Qh5 Rxc5 27. Bxc5 Rc8 28.
Nf5 Nxf5 29. Bh3 Bxe4 {White resigns} 0-1

[Event "Team 45 45 League T80"]
[Site "Internet Chess Club"]
[Date "2019.04.17"]
[Round "3"]
[White "cpic2363"]
[Black "Constrictor"]
[Result "0-1"]
[WhiteElo "1519"]
[BlackElo "1553"]
[Opening "Alekhine's defense: modern, Flohr variation"]
[ECO "B05"]
[Time "20:01:15"]
[TimeControl "2700+45"]

1. e4 Nf6 2. e5 Nd5 3. d4 d6 4. Nf3 Bg4 5. Be2 c6 6. O-O Bxf3 7. Bxf3 dxe5 8.
dxe5 e6 9. c4 Ne7 10. Qb3 Qc7 11. Bg5 Nd7 12. Bf4 Ng6 13. Bg3 Ngxe5 14. Qc3 Bd6
15. Nd2 O-O 16. Ne4 Nxf3+ 17. Qxf3 Bxg3 18. fxg3 Rad8 19. Ng5 Nf6 20. Rad1 Qe5
21. Rxd8 Rxd8 22. Rd1 Rxd1+ 23. Qxd1 Qe3+ 24. Kh1 g6 25. Nh3 Ne4 26. b3 Qd2 27.
Qxd2 Nxd2 28. Nf4 e5 29. Ne2 f5 30. Kg1 a5 31. Kf2 a4 32. Nc1 axb3 33. axb3 Kf7
34. Ke2 Ne4 35. Nd3 Ke6 36. Ke3 Kd6 37. g4 Nc5 38. gxf5 gxf5 39. Nc1 Ne6 40. g3
Nd4 41. h3 h5 42. h4 b5 43. cxb5 Nxb5 44. Nd3 Nc3 45. b4 Ne4 46. Kf3 Kd5 47. Nb2
Kd4 48. Nd1 Kd3 49. Nb2+ Kc3 50. Nd1+ Kxb4 51. Ne3 Nxg3 52. Kxg3 f4+ {White
resigns} 0-1

[Event "Team 45 45 League T80"]
[Site "Internet Chess Club"]
[Date "2019.04.13"]
[Round "3"]
[White "Gilguli"]
[Black "Megasus"]
[Result "0-1"]
[WhiteElo "1320"]
[BlackElo "1556"]
[Opening "Sicilian defense"]
[ECO "B20"]
[Time "13:07:41"]
[TimeControl "2700+45"]

1. e4 c5 2. a3 e6 3. b4 cxb4 4. axb4 Bxb4 5. c3 Be7 6. d4 a6 7. Bd3 Nc6 8. Nf3
Qc7 9. O-O h6 10. Nbd2 Nf6 11. Nb3 b6 12. Be3 Ng4 13. Bd2 Bb7 14. h3 h5 15. hxg4
hxg4 16. Ne5 Nxe5 17. dxe5 Qxe5 18. g3 Qh5 {White resigns} 0-1

[Event "Team 45 45 League T80"]
[Site "Internet Chess Club"]
[Date "2019.04.15"]
[Round "3"]
[White "Percival"]
[Black "Nezmetdinov"]
[Result "1/2-1/2"]
[WhiteElo "1919"]
[BlackElo "1919"]
[Opening "QGD Slav: exchange variation, 6.Bf4 Bf5"]
[ECO "D14"]
[Time "08:16:37"]
[TimeControl "2700+45"]

1. d4 d5 2. c4 c6 3. cxd5 cxd5 4. Nf3 Nf6 5. Nc3 Nc6 6. Bf4 Bf5 7. e3 a6 8. Bd3
Bxd3 9. Qxd3 e6 10. a3 Bd6 11. Bxd6 Qxd6 12. b4 O-O 13. Na4 a5 14. b5 Ne7 15.
O-O Rac8 16. Rfc1 Ne4 17. Nc3 Nxc3 18. Rxc3 Rc7 19. g3 Rfc8 20. Rac1 f6 21. Qd2
b6 22. R1c2 Rxc3 23. Rxc3 Rxc3 24. Qxc3 Qd7 25. a4 Qc8 {Game drawn by mutual
agreement} 1/2-1/2

[Event "Team 45 45 League T80"]
[Site "Internet Chess Club"]
[Date "2019.04.13"]
[Round "3"]
[White "backrankbrawler"]
[Black "gnat"]
[Result "0-1"]
[WhiteElo "1703"]
[BlackElo "1978"]
[Opening "Queen's pawn game"]
[ECO "A46"]
[Time "05:45:32"]
[TimeControl "2700+45"]

1. d4 Nf6 2. Nf3 d6 3. e3 Bg4 4. Be2 Nbd7 5. O-O e6 6. c4 c6 7. Nc3 d5 8. cxd5
exd5 9. Qc2 Bd6 10. e4 dxe4 11. Nxe4 Be7 12. Re1 O-O 13. Ng3 Bb4 14. Rd1 Nb6 15.
h3 Bxf3 16. Bxf3 g6 17. Bg5 Be7 18. Re1 Nfd5 19. Bxe7 Nxe7 20. Ne4 Nf5 21. Rad1
Nd5 22. Nc5 Nh4 23. Be4 f5 24. Ne6 Qd6 25. Nxf8 fxe4 26. Qxe4 Nf4 27. Ne6 Nhxg2
28. Nxf4 Nxf4 29. Re3 Rf8 30. d5 cxd5 31. Qd4 b6 32. Rc1 Qd8 33. Kh2 Qd6 34. Qe5
Qxe5 35. Rxe5 Nd3 36. Rce1 Nxe1 37. Rxe1 Rxf2+ 38. Kg3 Rxb2 {White resigns} 0-1

[Event "Team 45 45 League T80"]
[Site "Internet Chess Club"]
[Date "2019.04.15"]
[Round "3"]
[White "jjimalo"]
[Black "elmaestro"]
[Result "1/2-1/2"]
[WhiteElo "1763"]
[BlackElo "1674"]
[Opening "Sicilian: Najdorf, Adams attack"]
[ECO "B90"]
[Time "10:13:03"]
[TimeControl "2700+45"]

1. e4 c5 2. Nf3 d6 3. d4 cxd4 4. Nxd4 Nf6 5. Nc3 a6 6. h3 e6 7. g4 Be7 8. Bg2
Qc7 9. Be3 Nc6 10. Qd2 Na5 11. O-O-O Nc4 12. Qd3 Nxe3 13. Qxe3 Rb8 14. g5 Nd7
15. f4 b5 16. f5 Ne5 17. Rhf1 Bd7 18. fxe6 fxe6 19. h4 b4 20. Nce2 Rc8 21. b3 a5
22. Bh3 a4 23. Rd2 axb3 24. Qxb3 Nc4 25. Bxe6 Nxd2 26. Bxd7+ Qxd7 27. Qf7+ Kd8
28. Ne6+ Qxe6 29. Qxe6 Nxf1 30. Qh3 Rf8 31. Nd4 Rc3 {Game drawn by mutual
agreement} 1/2-1/2

[Event "Team 45 45 League T80"]
[Site "Internet Chess Club"]
[Date "2019.04.11"]
[Round "3"]
[White "Constrictor"]
[Black "cayo89"]
[Result "0-1"]
[WhiteElo "1537"]
[BlackElo "1677"]
[Opening "Nimzovich-Larsen attack"]
[ECO "A01"]
[Time "20:15:46"]
[TimeControl "2700+45"]

1. b3 d6 2. Nf3 e5 3. Bb2 Nf6 4. e3 Be7 5. c4 c5 6. Nc3 Nc6 7. d3 O-O 8. Be2 h6
9. O-O Be6 10. h3 Qd7 11. Nh2 Nh7 12. Ne4 f5 13. Ng3 g6 14. Nf3 Bf6 15. Rb1 a6
16. Qd2 b5 17. Rfd1 Bf7 18. Ne1 Rae8 19. Bf3 Kg7 20. Nf1 Ng5 21. Nh2 Rd8 22. Bc1
Rfe8 23. Be2 e4 24. Bb2 Qe7 25. Bxf6+ Qxf6 26. Qb2 b4 27. Qxf6+ Kxf6 28. Rb2 a5
29. Rbd2 Ke7 30. h4 Ne6 31. dxe4 fxe4 32. Ng4 h5 33. Nh6 Bg8 34. Nxg8+ Rxg8 35.
Rc1 Ne5 36. Bd1 g5 37. Bc2 gxh4 38. Bxe4 h3 39. g3 h4 40. Bf5 hxg3 41. Bxh3
gxf2+ 42. Kxf2 Rdf8+ 43. Ke2 Ng5 44. Bg2 Ng4 45. Bd5 Rh8 46. e4 Rh2+ 47. Kd1
Ne3# {White checkmated} 0-1

[Event "Team 45 45 League T80"]
[Site "Internet Chess Club"]
[Date "2019.04.14"]
[Round "3"]
[White "PolishRyszard"]
[Black "santiagoelawad"]
[Result "0-1"]
[WhiteElo "1853"]
[BlackElo "1947"]
[Opening "Caro-Kann: Gurgenidze system"]
[ECO "B15"]
[Time "13:03:01"]
[TimeControl "2700+45"]

1. d4 d5 2. e4 c6 3. Nc3 g6 4. e5 f6 5. f4 Nh6 6. Nf3 Bg4 7. Be3 Bg7 8. Be2 O-O
9. O-O e6 10. h3 Bxf3 11. Bxf3 fxe5 12. dxe5 g5 13. fxg5 Nf7 14. Bg4 Qe7 15. Rf6
Nxe5 16. Bxe6+ Kh8 17. Rxf8+ Bxf8 18. Qf1 Bg7 19. Bf5 Qb4 20. Bd2 Na6 21. Qf4
Rf8 22. Rf1 Nc4 23. a3 Qxb2 24. Rb1 Qxa3 25. Rxb7 Nxd2 26. Rxg7 Qc1+ 27. Nd1
Qxd1+ 28. Kh2 Nf1+ 29. Kh1 Rxf5 30. Rxh7+ Kg8 31. Qh4 Qa1 32. Qh6 Ne3+ 33. Kh2
Qe5+ 34. g3 Rf2+ 35. Kh1 Qa1# {White checkmated} 0-1

[Event "Team 45 45 League T80"]
[Site "Internet Chess Club"]
[Date "2019.04.15"]
[Round "3"]
[White "primerpaso"]
[Black "cadmiumorange"]
[Result "0-1"]
[WhiteElo "1809"]
[BlackElo "1752"]
[Opening "English: closed system"]
[ECO "A25"]
[Time "14:02:37"]
[TimeControl "2700+45"]

1. c4 Nc6 2. Nc3 e5 3. g3 g6 4. Bg2 Bg7 5. e3 d6 6. Nge2 h5 7. h3 Nge7 8. O-O h4
9. g4 f5 10. f3 Be6 11. b3 d5 12. cxd5 Nxd5 13. Nxd5 Qxd5 14. Nc3 Qc5 15. Qe2
O-O-O 16. Rd1 e4 17. fxe4 fxg4 18. hxg4 h3 19. Bf3 Ne5 20. Rb1 Nxg4 21. Bxg4 Qg5
22. Rf1 Bxg4 23. Qb5 h2+ {White resigns} 0-1

[Event "Team 45 45 League T80"]
[Site "Internet Chess Club"]
[Date "2019.04.14"]
[Round "3"]
[White "walkover"]
[Black "janh"]
[Result "1/2-1/2"]
[WhiteElo "1696"]
[BlackElo "1871"]
[Opening "Catalan opening"]
[ECO "E00"]
[Time "10:26:35"]
[TimeControl "2700+45"]

1. d4 Nf6 2. c4 e6 3. g3 Bb4+ 4. Bd2 Qe7 5. Nf3 d5 6. Bg2 O-O 7. O-O Nbd7 8. Bg5
c6 9. a3 Bd6 10. Nc3 h6 11. Bxf6 Nxf6 12. Qc2 b6 13. e4 dxe4 14. Nxe4 Nxe4 15.
Qxe4 Bb7 16. Ne5 Rac8 17. f4 Rfd8 18. f5 exf5 19. Qxf5 Bxe5 20. dxe5 Re8 21. Be4
g6 22. Qf4 Kg7 23. Qf6+ Kg8 24. Qf4 Kg7 25. Qf6+ Kg8 26. Qf4 {Game drawn by
repetition} 1/2-1/2

[Event "Team 45 45 League T80"]
[Site "Internet Chess Club"]
[Date "2019.04.15"]
[Round "3"]
[White "Portola"]
[Black "cityprosecutor"]
[Result "0-1"]
[WhiteElo "1779"]
[BlackElo "1688"]
[Opening "Queen's pawn game"]
[ECO "A46"]
[Time "21:11:17"]
[TimeControl "2700+45"]

1. d4 Nf6 2. Nf3 c5 3. e3 g6 4. c3 b6 5. Nbd2 Bb7 6. Bd3 Bg7 7. O-O O-O 8. Qe2
d6 9. Re1 Nc6 10. dxc5 dxc5 11. a4 Qc7 12. e4 Rad8 13. Nf1 Ng4 14. Bg5 Nce5 15.
Nxe5 Nxe5 16. Bc2 h6 17. Bf4 Qc8 18. Bxe5 Bxe5 19. Qe3 Bg7 20. Red1 Qe6 21. f3
Ba6 22. Qf2 Qf6 23. Ne3 e6 24. Ng4 Qg5 25. h4 Qe7 26. g3 h5 27. Ne3 Qc7 28. f4
Rxd1+ 29. Rxd1 Rd8 30. Qe1 Rd7 31. e5 Bf8 32. Be4 c4 33. Nc2 Bc5+ 34. Nd4 Bb7
35. Kh2 a6 36. Qh1 Bd5 37. Bxd5 Rxd5 38. Qe4 Qd7 39. Kh3 Qxa4 40. Rg1 Bxd4 41.
cxd4 Qb3 42. Rg2 Qd3 43. Qe1 Qxd4 44. Qb4 Qc5 45. Qa4 Qb5 46. Qa3 Rd7 47. Qf3
Qd5 48. Qa3 a5 49. Qa4 Kg7 50. Rc2 Rc7 51. Qe8 c3 52. Rxc3 Qh1# {White
checkmated} 0-1

[Event "Team 45 45 League T80"]
[Site "Internet Chess Club"]
[Date "2019.04.13"]
[Round "3"]
[White "kidcobra"]
[Black "cool64chess"]
[Result "1/2-1/2"]
[WhiteElo "1824"]
[BlackElo "1929"]
[Opening "French: exchange variation"]
[ECO "C01"]
[Time "22:20:13"]
[TimeControl "2700+45"]

1. e4 e6 2. d4 d5 3. exd5 exd5 4. Bd3 Nc6 5. c3 Bd6 6. h3 Nge7 7. Nf3 Bf5 8. O-O
O-O 9. Re1 f6 10. Qc2 Qd7 11. Bxf5 Qxf5 12. Qxf5 Nxf5 13. Nbd2 Rae8 14. Rxe8
Rxe8 15. Nb3 Nd8 16. Bd2 b6 17. g4 Ne7 18. Be3 Ng6 19. Re1 Ne6 20. Nc1 Nef4 21.
Bxf4 Rxe1+ 22. Nxe1 Nxf4 23. h4 h5 24. gxh5 Kh7 25. Ned3 Ne6 26. b4 Kh6 27. Kg2
Kxh5 28. Kh3 g5 29. hxg5 Kxg5 30. Kg2 Kf5 31. Kf3 Ng5+ 32. Ke3 Bf8 33. Ne2 Bh6
34. Ng3+ Kg4 35. Ke2 Nf3 36. b5 Ng1+ 37. Kf1 Nh3 38. Nb4 Kf3 39. Nxd5 Nxf2 40.
Nf5 Bg5 41. Nxc7 Ne4 42. d5 Bf4 43. Ne8 Be5 44. d6 Nc5 45. Ne7 Ke4 46. Nc8 Bxc3
47. Nxa7 Kd5 48. Nc8 Nd7 49. Nc7+ Kc5 50. Ke2 Be5 51. Ne8 Kxb5 52. Kd3 Nc5+ 53.
Ke3 Kc6 54. Ng7 Bxd6 55. Nxd6 Kxd6 56. Kd2 Ke5 57. Kc3 Ne4+ 58. Kb4 Nd6 59. a4
Nb7 60. Kb5 Nc5 61. Kxb6 Nxa4+ 62. Kb5 Nb2 63. Kb4 Kd4 64. Kb3 Nc4 65. Kc2 Nd6
66. Nh5 f5 67. Ng3 {Game drawn by mutual agreement} 1/2-1/2

[Event "Team 45 45 League T80"]
[Site "Internet Chess Club"]
[Date "2019.04.11"]
[Round "3"]
[White "calsal"]
[Black "RD1974"]
[Result "1/2-1/2"]
[WhiteElo "1839"]
[BlackElo "1590"]
[Opening "French: Réti (Spielmann) variation"]
[ECO "C00"]
[Time "19:32:56"]
[TimeControl "2700+45"]

1. e4 e6 2. b3 d5 3. Bb2 c5 4. exd5 exd5 5. Bb5+ Nc6 6. Nf3 a6 7. Bxc6+ bxc6 8.
O-O h6 9. Re1+ Be6 10. Ne5 Qc7 11. Ng6 fxg6 12. Rxe6+ Kf7 13. Qe2 Qd7 14. Re3 d4
15. Rf3+ Nf6 16. Na3 Bd6 17. Nc4 Rhe8 18. Qd3 Qc7 19. h3 Re6 20. Ba3 Rae8 21.
Kf1 Re4 22. Nxd6+ Qxd6 23. Qc4+ Qe6 24. Qxe6+ Kxe6 25. Bxc5 Kd5 26. Bb6 c5 27.
Rg3 g5 28. Rf3 Kc6 29. Ba5 Kb5 30. Bc7 R4e6 31. a4+ Kc6 32. Ba5 h5 33. Rf5 g4
34. hxg4 hxg4 35. d3 g3 36. Re1 gxf2 37. Rxe6+ Rxe6 38. Rf4 Nd5 39. Rxf2 Ne3+
40. Kg1 g6 41. c3 Nf5 42. cxd4 Nxd4 43. b4 Nb3 44. Rf4 Nxa5 45. bxa5 Kd5 46. Kf2
Re5 47. g4 g5 {Game drawn by mutual agreement} 1/2-1/2

[Event "Team 45 45 League T80"]
[Site "Internet Chess Club"]
[Date "2019.04.13"]
[Round "3"]
[White "cpic2363"]
[Black "MathBandit"]
[Result "1/2-1/2"]
[WhiteElo "1535"]
[BlackElo "1583"]
[Opening "French: Tarrasch, Guimard main line"]
[ECO "C04"]
[Time "11:02:10"]
[TimeControl "2700+45"]

1. e4 e6 2. d4 d5 3. Nd2 Nc6 4. Ngf3 Nf6 5. e5 Nd7 6. Bd3 f6 7. Ng5 Ndxe5 8.
dxe5 fxg5 9. Qh5+ Kd7 10. Nf3 g6 11. Qxg5 Qxg5 12. Bxg5 Bg7 13. Bb5 a6 14. Bxc6+
bxc6 15. O-O-O a5 16. Rhe1 Ba6 17. Bf6 Bh6+ 18. Bg5 Bg7 19. Bf6 Bh6+ 20. Bg5 Bg7
{Game drawn by repetition} 1/2-1/2

[Event "Team 45 45 League T80"]
[Site "Internet Chess Club"]
[Date "2019.04.10"]
[Round "3"]
[White "Constrictor"]
[Black "Covenanteer"]
[Result "1/2-1/2"]
[WhiteElo "1548"]
[BlackElo "1568"]
[Opening "Nimzovich-Larsen attack: modern variation"]
[ECO "A01"]
[Time "19:07:10"]
[TimeControl "2700+45"]

1. b3 e5 2. Bb2 Nc6 3. e3 Nf6 4. Nf3 e4 5. Nd4 Nxd4 6. Bxd4 d5 7. c4 c6 8. Nc3
Bb4 9. Be2 Be6 10. O-O a6 11. cxd5 cxd5 12. Qc2 O-O 13. Qb2 b5 14. a4 bxa4 15.
Rxa4 a5 16. Rc1 Rc8 17. Ra2 Bc5 18. Nb5 Bxd4 19. Nxd4 Qb6 20. h3 Rxc1+ 21. Qxc1
Rc8 22. Rc2 Rxc2 23. Qxc2 Bd7 24. Qc1 h6 25. Qc3 Nh7 26. d3 Nf6 27. dxe4 Nxe4
28. Qd3 Qg6 29. Kf1 Qf6 30. Bf3 Qe5 31. Bxe4 dxe4 32. Qa6 {Game drawn by mutual
agreement} 1/2-1/2

[Event "Team 45 45 League T80"]
[Site "Internet Chess Club"]
[Date "2019.04.13"]
[Round "3"]
[White "Otelo"]
[Black "ChessRooklift"]
[Result "0-1"]
[WhiteElo "1663"]
[BlackElo "1714"]
[Opening "Réti opening"]
[ECO "A30"]
[Time "11:37:10"]
[TimeControl "2700+45"]

1. Nf3 c5 2. c4 Nc6 3. d4 cxd4 4. Nxd4 Nf6 5. Nc3 g6 6. e4 d6 7. Nc2 Bg7 8. Be2
Be6 9. Bd2 Rc8 10. b4 Ne5 11. Ne3 Nxc4 12. Nxc4 Bxc4 13. Bxc4 Rxc4 14. Qa4+ Nd7
15. Qxa7 Rxc3 16. O-O Rc2 17. Rad1 O-O 18. a4 Qb6 19. Qxb6 Nxb6 20. a5 Nc4 21.
Bg5 f6 22. Bf4 g5 23. Bg3 Rc8 24. Rd5 Nd2 25. Rd1 Nxe4 26. Rb5 Rc1 27. Rd5 Kf7
28. b5 Ke6 29. f3 Nxg3 30. hxg3 f5 31. a6 bxa6 32. bxa6 Rxd1+ 33. Rxd1 Ra8
{White resigns} 0-1

[Event "Team 45 45 League T80"]
[Site "Internet Chess Club"]
[Date "2019.04.15"]
[Round "3"]
[White "Goli"]
[Black "KCChessc6"]
[Result "1/2-1/2"]
[WhiteElo "1722"]
[BlackElo "1731"]
[Opening "Caro-Kann: Panov-Botvinnik attack"]
[ECO "B13"]
[Time "18:00:34"]
[TimeControl "2700+45"]

1. e4 c6 2. d4 d5 3. exd5 cxd5 4. c4 Nf6 5. Nc3 Nc6 6. Nf3 g6 7. h3 Bg7 8. Be2
O-O 9. O-O dxc4 10. Bxc4 a6 11. a3 b5 12. Ba2 Bb7 13. Re1 e6 14. Be3 Ne7 15. Rc1
Nfd5 16. Nxd5 Nxd5 17. Bxd5 Bxd5 18. Ne5 f6 19. Nc6 Bxc6 20. Rxc6 Qd5 21. Qc2 f5
22. Rc5 Qd7 23. Rd1 Rac8 24. b4 Qb7 25. Qb3 Qf7 26. f4 Rfd8 27. Rdc1 Qd7 28. Qc2
Bxd4 29. Bxd4 Qxd4+ 30. Qf2 Qxf2+ 31. Kxf2 Rxc5 32. bxc5 Kf7 33. c6 Rc8 34. c7
Ke7 35. Rc6 Kd7 36. Rxa6 Rxc7 37. Rb6 Rc2+ 38. Kf1 Rc4 39. g3 Rc3 40. Kf2 Rxa3
41. Rxb5 Kc6 42. Rb8 Ra7 43. Re8 Kd5 44. Rd8+ Ke4 45. Rd2 Rb7 {Game drawn by
mutual agreement} 1/2-1/2

[Event "Team 45 45 League T80"]
[Site "Internet Chess Club"]
[Date "2019.04.14"]
[Round "3"]
[White "mongmong"]
[Black "Egmont"]
[Result "1/2-1/2"]
[WhiteElo "1538"]
[BlackElo "1565"]
[Opening "Queen's pawn game"]
[ECO "D04"]
[Time "10:00:40"]
[TimeControl "2700+45"]

1. d4 d5 2. Nf3 Nf6 3. e3 Nbd7 4. Bd3 c5 5. c3 Qc7 6. Nbd2 e5 7. e4 dxe4 8. Nxe4
exd4 9. cxd4 Nxe4 10. Bxe4 Nf6 11. Bd3 Be7 12. O-O O-O 13. dxc5 Qxc5 14. Qc2 Qh5
15. Be2 Bf5 16. Qb3 Be4 17. Nd4 Qg6 18. Bf3 Bxf3 19. Nxf3 b6 20. Bd2 Rac8 21.
Rac1 Bc5 22. Bb4 Ne4 23. Bxc5 Nxc5 24. Qc2 Qxc2 25. Rxc2 a5 26. Rfc1 Rce8 27.
Kf1 f6 28. Re1 Rxe1+ 29. Nxe1 Rd8 30. Ke2 Kf7 31. Rd2 Rxd2+ 32. Kxd2 Ke6 33. Nd3
Ne4+ 34. Ke3 Nd6 35. Kd4 Nf5+ 36. Kc4 Nd6+ 37. Kd4 Nf5+ {Game drawn by mutual
agreement} 1/2-1/2